Map: Oxide LE

Players

Erik - Winner!

  • Race: Zerg Zerg
  • League: Master

JimRising

  • Race: Zerg Zerg
  • League: Grandmaster

Event: DreamHack SC2 Masters 2021 Summer

VOD

Have the link to the VOD?

Description

Time

  • Played on: May 22, 2021, 4:30 p.m.
  • Length: 3:26

All games in this series

Show
View Real Time Build Order
Export as new Build Order

Erik Zerg - Winner!

Build Orders: Hatch First 

Get SALT Encoding   

  12  0:00  Drone  
  13  0:08  Drone  
  14  0:14  Extractor  
  14  0:15  Drone  
  15  0:36  Hatchery  
  15  0:41  Extractor  
  15  0:42  Drone  
  14  0:57  Spawning Pool  
  14  1:01  Drone  
  14  1:10  Overlord  
  14  1:21  Extractor  
  14  1:22  Drone  
  15  1:33  Drone  
  16  1:45  Metabolic Boost  
  16  1:47  Zergling x4  
  16  1:51  Queen  
  20  1:54  Zergling x2  
  20  2:01  Overlord  
  21  2:04  Zergling x2  
  21  2:07  Zergling x2  
  23  2:12  Zergling x2  
  23  2:15  Zergling x2  
  25  2:20  Zergling x2  
  25  2:21  Zergling x2  
  27  2:30  Overlord  
  26  2:38  Zergling x2  
  26  2:43  Zergling x4  
  29  2:53  Zergling x4  
  31  3:00  Zergling x6  
  31  3:04  Zergling x2  
Show
View Real Time Build Order
Export as new Build Order

JimRising Zerg 

Build Orders: Hatch First 

Get SALT Encoding   

  12  0:00  Drone  
  13  0:12  Overlord  
  13  0:18  Drone  
  14  0:31  Drone x2  
  16  0:47  Hatchery  
  15  0:51  Drone  
  15  0:55  Drone  
  17  0:59  Drone  
  18  1:15  Spawning Pool  
  18  1:16  Drone  
  18  1:20  Drone  
  19  1:28  Extractor  
  19  1:32  Drone  
  19  1:40  Overlord  
  19  1:53  Drone  
  20  2:02  Queen x2  
  20  2:03  Zergling x2  
  20  2:05  Drone  
  26  2:12  Drone  
  26  2:13  Drone  
  28  2:22  Drone x2  
  30  2:31  Overlord  
  29  2:37  Queen  
  29  2:38  Drone  
  32  2:44  Drone x2  
  34  2:53  Drone  
  34  2:55  Evolution Chamber, Drone  
  35  3:03  Overlord  
  35  3:08  Roach Warren  
  35  3:09  Evolution Chamber  
Tags
 
Add a new tag
Caveats
  • Supply blocks, unpowered buildings, or Contaminate may cause inaccurate times.
  • Supply counts are checked every 10 seconds.